 Dungeon Crawl Stone Soup version 0.20.1-1-g8b1a95d (webtiles) character file.

77 slep the Chopper (level 4, -2/33 HPs)
             Began as a Demonspawn Gladiator on Dec 19, 2017.
             Killed from afar by Ijyb (18 damage)
             ... with a wand of acid (?/15)
             ... on level 4 of the Dungeon.
             The game lasted 00:05:09 (1671 turns).

slep the Chopper (Demonspawn Gladiator)             Turns: 1671, Time: 00:05:10

Health: -2/33      AC:  4    Str: 14    XL:     4   Next: 13%
Magic:  4/4        EV: 15    Int: 10    God:
Gold:   120        SH:  0    Dex: 15    Spells: 3/3 levels left

rFire    . . .     SeeInvis .   a - +0 war axe
rCold    . . .     Gourm    .   (no shield)
rNeg     + . .     Faith    .   b - +0 leather armour
rPois    .         Spirit   .   c - +0 helmet
rElec    .         Reflect  .   l - +2 cloak
rCorr    .         Harm     .   (no gloves)
MR       .....                  k - +0 pair of boots
Stlth    +.........             (no amulet)
Regen    0.2/turn               m - +2 ring of evasion
MPRegen  0.1/turn               o - ring of positive energy

@: corroded
A: foul stench 1, powered by death 1, rot immunity
a: no special abilities


You were on level 4 of the Dungeon.
You were not hungry.

You visited 1 branch of the dungeon, and saw 4 of its levels.

You collected 120 gold pieces.

Inventory:

Hand Weapons
 a - a +0 war axe (weapon)
Missiles
 d - 3 throwing nets (quivered)
Armour
 b - a +0 leather armour (worn)
 c - a +0 helmet (worn)
 k - a +0 pair of boots (worn)
 l - a +2 cloak (worn)
Jewellery
 m - a +2 ring of evasion (left hand)
 o - a ring of positive energy (right hand)
Scrolls
 e - 2 scrolls of enchant weapon {unknown}
 h - 3 scrolls of remove curse {unknown}
 i - a scroll of magic mapping {unknown}
 j - a scroll of enchant armour {unknown}
 n - 2 scrolls of identify {unknown}
 s - a scroll of fog {unknown}
 u - a scroll of teleportation {unknown}
Potions
 g - 3 potions of curing {unknown}
 q - a potion of resistance {unknown}
 r - a potion of heal wounds {unknown}
 t - a potion of magic {unknown}
Comestibles
 f - 2 bread rations
 p - 2 meat rations


   Skills:
 + Level 2.2 Fighting
 + Level 3.7 Axes
 + Level 1.9 Throwing
 + Level 0.8 Armour
 + Level 3.2 Dodging


You had 3 spell levels left.
You didn't know any spells.

Dungeon Overview and Level Annotations

Branches:
Dungeon (4/15)
 Temple: D:4-7

Altars:

Annotations:
D:3 Grinder
D:4 Ijyb


Innate Abilities, Weirdness & Mutations

You may emit foul miasma when damaged in melee.
You regenerate a little health from kills.
You are immune to rotting.


Message History

Grinder says, "Don't move a muscle."
Grinder gestures at you. Pain shoots through your body!
Grinder gestures at you.
You barely resist.
There is a stone staircase leading down here.
You climb downwards.
There is a stone staircase leading up here.
HP restored.
Ijyb the Twisted Goblin comes into view.
Ijyb shouts!
Ijyb zaps a wand.
The bolt of acid hits you! The acid corrodes you!
You are splashed with acid!
The acid burns!
It is a wand of acid (?/15).
Found a scroll labeled ROIG HUEBYEHIL.
You hit Ijyb but do no damage. Ijyb closely misses you.
You hit Ijyb.
Ijyb is moderately wounded.
Ijyb zaps a wand.
The bolt of acid hits you!
Ouch! That really hurt!
You die...

##########
...?..g@.#
#########.#
........#.#
###############.#.#
..................#
#..############...#
#..# #...# #..#
#...# #..# #...#


You could see Ijyb.

Vanquished Creatures
  An adder skeleton (D:3)
  3 worms (D:2)
  4 dart slugs
  5 leopard geckos (D:2)
  3 giant cockroaches
  5 hobgoblins
  7 jackals
  9 kobolds
  A quokka (D:2)
  5 bats
  3 frilled lizards
  4 goblins
  A rat (D:1)
51 creatures vanquished.

Notes
Turn   | Place    | Note
-------+----------+-------------------------------------------
     0 | D:1      | slep the Demonspawn Gladiator began the quest for the Orb.
     0 | D:1      | Reached XP level 1. HP: 16/16 MP: 1/1
   226 | D:1      | Gained mutation: You are immune to rotting. [demonic ancestry]
   226 | D:1      | Reached XP level 2. HP: 22/22 MP: 2/2
   834 | D:2      | Gained mutation: You may emit foul miasma when damaged in melee. [demonic ancestry]
   834 | D:2      | Reached XP level 3. HP: 23/27 MP: 3/3
  1497 | D:2      | Gained mutation: You regenerate a little health from kills. [demonic ancestry]
  1497 | D:2      | Reached XP level 4. HP: 33/33 MP: 4/4
  1631 | D:3      | Noticed Grinder
  1668 | D:4      | Noticed Ijyb
  1671 | D:4      | Killed from afar by Ijyb

Skill      XL: |  1  2  3 |
---------------+----------+-----
Axes           | 3 |  3.7
Dodging        | 3 |  3.2
Fighting       | |  2.2
Throwing       | |  1.9
Armour         | |  0.8

Action                   |  1- 3 |  4- 6 || total
-------------------------+-------+-------++-------
Melee: War axe           |   145 |    16 ||   161
  Eat: Chunk             |     2 |     1 ||     3
Armor: Leather armour    |    44 |     6 ||    50
Dodge: Dodged            |   137 |    15 ||   152
